 Dungeon Crawl Stone Soup version 0.30-a0-634-g8abc852 (webtiles) character file.

Game seed: 14357327537861452275

42 Geeful the Sneak (level 3, -3/20 HPs)
             Began as a Kobold Enchanter on Jan 14, 2023.
             Slain by Sigmund
             ... wielding a +3 scythe of flaming
              (5 damage)
             ... on level 2 of the Dungeon.
             The game lasted 00:03:34 (1010 turns).

Geeful the Sneak (Kobold Enchanter)                 Turns: 1010, Time: 00:03:34

Health: -3/20      AC:  8    Str:  7    XL:     3   Next: 77%
Magic:  3/6        EV: 15    Int: 16    God:
Gold:   82         SH:  0    Dex: 15    Spells: 2/7 levels left

rFire   . . .      SeeInvis .    a - +1 dagger
rCold   . . .      Faith    .    (no shield)
rNeg    . . .      Spirit   .    b - +0 robe
rPois   .          Reflect  .    (no helmet)
rElec   .          Harm     .    j - +1 cloak
rCorr   .          Rampage  .    (no gloves)
Will    .....                    (no boots)
Stlth   ++++                     (no amulet)
HPRegen 0.23/turn                d - +4 ring of protection
MPRegen 0.10/turn                (no ring)

@: invisible
A: small, no large weapons, nightstalker 3
a: no special abilities


You were on level 2 of the Dungeon.
You visited 1 branch of the dungeon, and saw 2 of its levels.

You collected 82 gold pieces.

Inventory:

Hand Weapons
 a - a +1 dagger (weapon)
Armour
 b - a +0 robe (worn)
 j - a +1 cloak (worn)
Jewellery
 d - a +4 ring of protection (left hand)
Scrolls
 f - 2 scrolls of enchant armour
Potions
 c - a potion of invisibility
 g - a potion of lignification {unknown}
 k - 2 potions of heal wounds


   Skills:
 + Level 1.1 Fighting
 + Level 2.2 Short Blades
 + Level 2.8 Dodging
 + Level 4.4 Stealth
 + Level 2.5 Spellcasting
 + Level 3.2 Hexes


You had 2 spell levels left.
You knew the following spells:

 Your Spells              Type           Power      Damage    Failure   Level
a - Ensorcelled Hibernat  Hex/Ice        14%        N/A       16%         2
b - Confusing Touch       Hex            12%        N/A       16%         3

Your spell library contained the following spells:

 Spells                   Type           Power      Damage    Failure   Level
 Tukima's Dance           Hex            12%        N/A       16%         3
 Dazzling Flash           Conj/Hex       14%        N/A       30%         3


Dungeon Overview and Level Annotations

Branches:
Dungeon (2/15)

Altars:

Annotations:
D:2 Sigmund


Innate Abilities, Weirdness & Mutations

You are small and have problems with some larger weapons.
You are completely attuned to the shadows.


Message History

You are very lightly contaminated with residual magic.
Nothing appears to happen.
Sigmund barely misses you.
Casting: Ensorcelled Hibernation (safe; 16% risk of failure)
Confirm with . or Enter, or press ? or * to list all spells.
Aiming: Ensorcelled Hibernation (safe; 16% risk of failure)
Press: ? - help, Shift-Dir - straight line, f/p - Sigmund
Aim: Sigmund, wielding a +3 scythe of flaming, wearing a +0 robe and carrying a wand of roots (3) (chance to affect: 50%) Sigmund looks drowsy...
The helpless Sigmund fails to defend himself.
You impale Sigmund!!
Sigmund is severely wounded.
Sigmund closely misses you.
You closely miss Sigmund.
Sigmund is severely wounded.
Sigmund gestures at you while chanting. You resist with significant effort.
You hit Sigmund but do no damage.
Sigmund is severely wounded.
Sigmund says, "I'm your fate."
Sigmund casts a spell.
Sigmund flickers and vanishes!
Deactivating autopickup; reactivate with Ctrl-A.
You closely miss something.
You hear a zap.
The roots erupt in riotous growth!
The grasping roots grab you!
You are constricted.
You closely miss something. You miss something.
Something hits you but does no damage.
You are constricted.
Your magical contamination has completely faded away.
You barely miss something. Something hits you but does no damage.
You are constricted.
The grasping roots release their grip on you.
Okay, then.
You fade into invisibility!
You barely miss something. Something hits you!
Ouch! That really hurt!
* * * LOW HITPOINT WARNING * * *
Something burns you.
You die...

# #.####
#.{@.# ####.#
## #.# ##.
#.#
###########.#
#.#
#..........##
#.#
#.#########.#
####.###.#
##.
.........####
#.
##..........#
#.


There were no monsters in sight!

Vanquished Creatures
  A worm (D:2)
  A dart slug (D:2)
  2 endoplasms (D:1)
  A giant cockroach (D:1)
  4 hobgoblins
  10 jackals
  2 quokkas (D:1)
  A ball python (D:1)
  4 bats (D:1)
  A frilled lizard (D:1)
  3 goblins (D:1)
  A kobold (D:1)
  A rat (D:2)
32 creatures vanquished.

Notes
Turn   | Place    | Note
-------+----------+-------------------------------------------
     0 | D:1      | Geeful the Kobold Enchanter began the quest for the Orb.
     0 | D:1      | Reached XP level 1. HP: 10/10 MP: 3/3
   140 | D:1      | Reached XP level 2. HP: 9/15 MP: 5/5
   456 | D:1      | Reached XP level 3. HP: 20/20 MP: 6/6
   653 | D:1      | Reached skill level 1 in Fighting
   766 | D:2      | Learned a level 2 spell: Ensorcelled Hibernation
   770 | D:2      | Learned a level 3 spell: Confusing Touch
   998 | D:2      | Noticed Sigmund
  1010 | D:2      | Slain by Sigmund

Illustrated notes

Levels and vault maps discovered:
D:1:      tarquinn_simple_flora_water_f, layout_basic
D:2:      layout_loops_ring, uniq_sigmund

Skill      XL: |  1  2  3 |
---------------+----------+-----
Short Blades   | 2 |  2.2
Fighting       | 1 |  1.1
Dodging        | |  2.8
Stealth        | |  4.4
Spellcasting   | |  2.5
Hexes          | |  3.2

Action                   || total
-------------------------++-------
Melee: Dagger            ||   131
       Punch             ||     2
 Cast: Ensorcelled Hiber ||     1
  Use: Scroll            ||     4
       Potion            ||     1
 Stab: Sleeping          ||    14
Armor: Robe              ||    36
Dodge: Dodged            ||    97

Table legend: (Time is in decaauts)
 A = Elapsed time spent in this place.
 B = Non-inter-level travel time spent in this place.
 C = Inter-level travel time spent in this place.
 D = Time resting spent in this place.
 E = Time spent auto-exploring this place.
 F = Levels seen in this place.
 G = Mean time per level.
                   A        B        C        D        E       F      G
               +--------+--------+--------+--------+--------+-----+--------+
         Total |    998 |    981 |     17 |     21 |    698 |   2 |  499.0 |
       Dungeon |    998 |    981 |     17 |     21 |    698 |   2 |  499.0 |
               +--------+--------+--------+--------+--------+-----+--------+

Top non-repeatable levels by time:
     D:1: 752 daAuts
     D:2: 246 daAuts
